SKY
NEW YORK METS @ NEW YORK YANKEES
03/12/2052
 
TOP OF THE 1ST
New York Mets batting - Pitching for New York Yankees : RHP Lucas Reppond
Pitching: RHP Lucas Reppond
Batting: RHB Jonathan Mitchell 0-0: Swinging Strike
0-1: Called Strike
0-2: Strikes out swinging
Batting: RHB Miroel Alcantar 0-0: Called Strike
0-1: Ball
1-1: Foul Ball, location: 3SF
1-2: Ball
2-2: Ground out 4-3 (Groundball, 4D, EV 105.0 MPH)
Batting: RHB Javin Hall 0-0: Ball
1-0: Ball
2-0: Ground out 5-3 (Groundball, 5, EV 105.0 MPH)
Top of the 1st over - 0 runs, 0 hits, 0 errors, 0 left on base; New York 0 - New York 0
BOTTOM OF THE 1ST
New York Yankees batting - Pitching for New York Mets : RHP Jim Peterson
Pitching: RHP Jim Peterson
Batting: RHB Goncalves Agosto 0-0: Called Strike
0-1: Ball
1-1: Called Strike
1-2: Ball
2-2: Ball
3-2: Foul Ball, location: 25F
3-2: Base on Balls
Batting: RHB Zach Loftin 0-0: Ball
1-0: Called Strike
1-1: Ball
Goncalves Agosto is caught stealing 2nd base 2-4
2-1: Ground out 4-3 (Groundball, 4, EV 87.5 MPH)
Batting: LHB Alejandro Esquivel 0-0: Called Strike
0-1: Ball
1-1: Fly out, F8 (Flyball, 8RM, EV 89.4 MPH)
Bottom of the 1st over - 0 runs, 0 hits, 0 errors, 0 left on base; New York 0 - New York 0
TOP OF THE 2ND
New York Mets batting - Pitching for New York Yankees : RHP Lucas Reppond
Batting: SHB Emmanuel González 0-0: Swinging Strike
0-1: Ball
1-1: Foul Ball, location: 2F
1-2: Ball
2-2: Foul Ball, location: 2F
2-2: Strikes out swinging
Batting: LHB Gonzalo Morzaroti 0-0: Called Strike
0-1: SINGLE (Groundball, 4D, EV 104.4 MPH)
Batting: RHB Jeremy Zimmerman 0-0: Fly out, F7 (Line Drive, 7, EV 90.6 MPH)
Batting: LHB Austin Pantoja 0-0: Swinging Strike
0-1: Ball
1-1: Foul Ball, location: 3F
1-2: Ball
2-2: Ground out 4-3 (Groundball, 34D, EV 98.8 MPH)
Top of the 2nd over - 0 runs, 1 hit, 0 errors, 1 left on base; New York 0 - New York 0
BOTTOM OF THE 2ND
New York Yankees batting - Pitching for New York Mets : RHP Jim Peterson
Batting: RHB John Webb 0-0: Called Strike
0-1: Fly out, F3 (Popup, 3S, EV 68.1 MPH)
Batting: RHB Evan Dankowski 0-0: Called Strike
0-1: Swinging Strike
0-2: Foul Ball, location: 2F
0-2: Ball
1-2: Strikes out looking
Batting: RHB Duane Adebisi 0-0: Ball
1-0: Ball
2-0: Ground out 4-3 (Groundball, 4, EV 93.8 MPH)
Bottom of the 2nd over - 0 runs, 0 hits, 0 errors, 0 left on base; New York 0 - New York 0
TOP OF THE 3RD
New York Mets batting - Pitching for New York Yankees : RHP Lucas Reppond
Batting: LHB Enrique Reyna 0-0: Ground out 6-3 (Groundball, 4MD, EV 100.0 MPH)
Batting: LHB Cody Phillips 0-0: Called Strike
0-1: Called Strike
0-2: Strikes out swinging
Batting: RHB Jonathan Mitchell 0-0: Foul Ball, location: 2RF
0-1: Foul Ball, location: 2F
0-2: Ball
1-2: SINGLE (Line Drive, 8LS, EV 105.0 MPH)
Batting: RHB Miroel Alcantar 0-0: Ball
1-0: Ground out U3 (Groundball, 3, EV 105.0 MPH)
Top of the 3rd over - 0 runs, 1 hit, 0 errors, 1 left on base; New York 0 - New York 0
BOTTOM OF THE 3RD
New York Yankees batting - Pitching for New York Mets : RHP Jim Peterson
Batting: LHB Jimmy Boyer 0-0: Ball
1-0: Foul Ball, location: 9LSF
1-1: Ball
2-1: Foul Ball, location: 23FF
2-2: Ball
3-2: Strikes out swinging
Batting: LHB Enrico Mendez 0-0: Ball
1-0: Foul Ball, location: 2F
1-1: Fly out, F6 (Line Drive, 56D, EV 63.8 MPH)
Batting: LHB Brandon Falguiere 0-0: Foul Ball, location: 2F
0-1: Called Strike
0-2: Ball
1-2: TRIPLE (Line Drive, 89XD, EV 110.6 MPH)
Batting: RHB Goncalves Agosto 0-0: Ground out 6-3 (Groundball, 6, EV 95.6 MPH)
Bottom of the 3rd over - 0 runs, 1 hit, 0 errors, 1 left on base; New York 0 - New York 0
TOP OF THE 4TH
New York Mets batting - Pitching for New York Yankees : RHP Lucas Reppond
Batting: RHB Javin Hall 0-0: Called Strike
0-1: Swinging Strike
0-2: Ball
1-2: Foul Ball, location: 7LMF
1-2: Ball
2-2: Strikes out looking
Batting: SHB Emmanuel González 0-0: Called Strike
0-1: Swinging Strike
0-2: Ball
1-2: Ball
2-2: Ground out 4-3 (Groundball, 4, EV 101.9 MPH)
Batting: LHB Gonzalo Morzaroti 0-0: Ball
1-0: Foul Ball, location: 3F
1-1: Called Strike
1-2: Ground out 4-3 (Groundball, 34D, EV 101.9 MPH)
Top of the 4th over - 0 runs, 0 hits, 0 errors, 0 left on base; New York 0 - New York 0
BOTTOM OF THE 4TH
New York Yankees batting - Pitching for New York Mets : RHP Jim Peterson
Batting: RHB Zach Loftin 0-0: Fly out, F7 (Flyball, 7, EV 90.6 MPH)
Batting: LHB Alejandro Esquivel 0-0: Foul Ball, location: 2F
0-1: Foul Ball, location: 7LMF
0-2: Ball
1-2: Foul Ball, location: 2F
1-2: Strikes out looking
Batting: RHB John Webb 0-0: Ground out 3-1 (Groundball, 34S, EV 90.6 MPH)
Bottom of the 4th over - 0 runs, 0 hits, 0 errors, 0 left on base; New York 0 - New York 0
TOP OF THE 5TH
New York Mets batting - Pitching for New York Yankees : RHP Lucas Reppond
Pitching: LHP Victor Chan
Batting: RHB Jeremy Zimmerman 0-0: Called Strike
0-1: Ground out 6-3 (Groundball, 6, EV 83.8 MPH)
Batting: LHB Austin Pantoja 0-0: Ground out 4-3 (Groundball, 34, EV 103.1 MPH)
Batting: LHB Enrique Reyna 0-0: Called Strike
0-1: Called Strike
0-2: SINGLE (Line Drive, 4D, EV 95.6 MPH)
Batting: LHB Cody Phillips 0-0: Ball
1-0: Swinging Strike
1-1: SINGLE (Groundball, 4MS, EV 68.8 MPH) (infield hit)
Enrique Reyna to second
Batting: RHB Jonathan Mitchell 0-0: Ball
1-0: Foul Ball, location: 23F
1-1: Swinging Strike
1-2: DOUBLE (Groundball, 5L, EV 96.9 MPH)
Enrique Reyna scores
Cody Phillips to third
Runner from 3rd tries for Home, SAFE, no throw by LF
Batting: RHB Miroel Alcantar 0-0: Swinging Strike
0-1: Swinging Strike
0-2: Fly out, F7 (Line Drive, 78M, EV 100.6 MPH)
Top of the 5th over - 2 runs, 3 hits, 0 errors, 1 left on base; New York 2 - New York 0
BOTTOM OF THE 5TH
New York Yankees batting - Pitching for New York Mets : RHP Jim Peterson
Pitching: LHP Calvet Medrano
Now at 1B: Cody Phillips
Now at 2B: Reuel Walker
Now at 3B: Chris Thurman
Now at SS: Jaxon Lacombe
Now in LF: Kris Thomas
Batting: RHB Evan Dankowski 0-0: Called Strike
0-1: Fly out, F8 (Flyball, 8LXD, EV 97.5 MPH)
Batting: RHB Duane Adebisi 0-0: Called Strike
0-1: Foul Ball, location: 2F
0-2: Ball
1-2: Strikes out swinging
Batting: LHB Jimmy Boyer 0-0: Foul Ball, location: 2F
0-1: Swinging Strike
0-2: Foul Ball, location: 2F
0-2: Ball
1-2: Ground out U3 (Groundball, 3, EV 91.9 MPH)
Bottom of the 5th over - 0 runs, 0 hits, 0 errors, 0 left on base; New York 2 - New York 0
TOP OF THE 6TH
New York Mets batting - Pitching for New York Yankees : LHP Victor Chan
Pitching: LHP Callan Jordan
Now in LF: Brice Brooker
Batting: LHB Kris Thomas 0-0: Ground out 4-3 (Groundball, 34, EV 103.8 MPH)
Batting: SHB C.J. Rolon 0-0: Called Strike
0-1: Ball
1-1: Foul Ball, location: 3FF
1-2: Ground out 5-3 (Groundball, 56, EV 89.4 MPH)
Batting: LHB Gonzalo Morzaroti 0-0: Ball
1-0: Called Strike
1-1: Foul Ball, location: 3FF
1-2: Ball
2-2: Fly out, F7 (Line Drive, 7, EV 95.0 MPH)
Top of the 6th over - 0 runs, 0 hits, 0 errors, 0 left on base; New York 2 - New York 0
BOTTOM OF THE 6TH
New York Yankees batting - Pitching for New York Mets : LHP Calvet Medrano
Pitching: RHP Ethan Etling
Now at 1B: Steven Nash
Batting: LHB Enrico Mendez 0-0: Called Strike
0-1: Ball
1-1: Ball
2-1: Ball
3-1: Base on Balls
Batting: LHB Brandon Falguiere 0-0: Bunt - Flyout to 13S! F1
Batting: LHB Brice Brooker 0-0: Ball
1-0: Grounds into double play, 4-6-3 (Groundball, 4, EV 77.5 MPH)
Bottom of the 6th over - 0 runs, 0 hits, 0 errors, 0 left on base; New York 2 - New York 0
TOP OF THE 7TH
New York Mets batting - Pitching for New York Yankees : LHP Callan Jordan
Pitching: RHP Nathaniel Murphy
Now at C: Royce Neville
Now at 1B: Rob Bell
Now in CF: Chaz Schwartz
Pinch Hitting: RHB Zechariah Yazzie 0-0: Swinging Strike
0-1: Ball
1-1: Foul Ball, location: 5FF
1-2: Foul Ball, location: 2F
1-2: Foul Ball, location: 2F
1-2: Strikes out looking
Batting: RHB Chris Thurman 0-0: SINGLE (Line Drive, 9S, EV 93.8 MPH)
Batting: RHB Reuel Walker 0-0: Fly out, F8 (Flyball, 8LD, EV 94.4 MPH)
Batting: RHB Steven Nash 0-0: Foul Ball, location: 2F
0-1: Swinging Strike
0-2: Ball
1-2: Foul Ball, location: 25F
1-2: Foul Ball, location: 2RF
1-2: Strikes out looking
Top of the 7th over - 0 runs, 1 hit, 0 errors, 1 left on base; New York 2 - New York 0
BOTTOM OF THE 7TH
New York Yankees batting - Pitching for New York Mets : RHP Ethan Etling
Now in CF: Zechariah Yazzie
Pinch Hitting: RHB Elroy Cornett 0-0: Called Strike
0-1: Ground out 5-3 (Groundball, 56, EV 79.4 MPH)
Batting: LHB Daryn Scott 0-0: Called Strike
0-1: Ball
1-1: Called Strike
1-2: SINGLE (Line Drive, 8LS, EV 91.3 MPH)
Batting: RHB Rob Bell 0-0: SINGLE (Groundball, 34D, EV 105.0 MPH)
Daryn Scott to second
Runner from 2nd tries for 3rd, SAFE, throw by RF made to third
Batting: LHB Chaz Schwartz 0-0: Ball
1-0: Ball
2-0: Ball
3-0: Foul Ball, location: 3FF
3-1: Foul Ball, location: 7LDF
3-2: Strikes out swinging
Pinch Hitting: SHB Jared Calhoun 0-0: Ball
1-0: Foul Ball, location: 23F
1-1: Ball
2-1: Foul Ball, location: 2F
2-2: Fly out, F5 (Popup, 5SF, EV 78.1 MPH)
Bottom of the 7th over - 0 runs, 2 hits, 0 errors, 2 left on base; New York 2 - New York 0
TOP OF THE 8TH
New York Mets batting - Pitching for New York Yankees : RHP Nathaniel Murphy
Pitching: RHP Matt John
Now at 3B: Jared Calhoun
Now at SS: Elroy Cornett
Pinch Hitting: RHB Dennis Hardwick 0-0: Ball
1-0: Ball
2-0: Ball
3-0: Called Strike
3-1: Ground out 6-3 (Groundball, 6, EV 92.5 MPH)
Pinch Hitting: LHB Lauro Maldonado 0-0: Swinging Strike
0-1: Ball
1-1: Ball
2-1: Foul Ball, location: 5FF
2-2: Ground out U3 (Groundball, 34, EV 89.4 MPH)
Batting: LHB Kris Thomas 0-0: Ball
1-0: Ball
2-0: Fly out, F3 (Popup, 34, EV 66.9 MPH)
Top of the 8th over - 0 runs, 0 hits, 0 errors, 0 left on base; New York 2 - New York 0
BOTTOM OF THE 8TH
New York Yankees batting - Pitching for New York Mets : RHP Ethan Etling
Pitching: LHP Nick Coppa
Now at 2B: Dennis Hardwick
Now at SS: Reuel Walker
Now in RF: Eugene Aguirre
Pinch Hitting: RHB Ray Christman 0-0: Ball
1-0: Foul Ball, location: 9LMFF
1-1: Foul Ball, location: 9LDF
1-2: Strikes out swinging
Pinch Hitting: RHB Emerson Chinea 0-0: Ball
1-0: Ball
2-0: Foul Ball, location: 9LDF
2-1: Ball
3-1: Swinging Strike
3-2: Fly out, F8 (Flyball, 78M, EV 91.9 MPH)
Batting: SHB Royce Neville 0-0: Called Strike
0-1: Ball
1-1: Ball
2-1: Ball
3-1: Foul Ball, location: 5F
3-2: Fly out, F9 (Flyball, 89S, EV 83.8 MPH)
Bottom of the 8th over - 0 runs, 0 hits, 0 errors, 0 left on base; New York 2 - New York 0
TOP OF THE 9TH
New York Mets batting - Pitching for New York Yankees : RHP Matt John
Pitching: RHP Dave Toller
Now at 2B: Emerson Chinea
Now in RF: Ray Christman
Batting: SHB C.J. Rolon 0-0: Fly out, F8 (Flyball, 8RM, EV 98.1 MPH)
Pinch Hitting: RHB Chase Huber 0-0: Fly out, F3 (Popup, 3, EV 76.9 MPH)
Batting: RHB Zechariah Yazzie 0-0: Foul Ball, location: 2F
0-1: Ground out 4-3 (Groundball, 34, EV 85.0 MPH)
Top of the 9th over - 0 runs, 0 hits, 0 errors, 0 left on base; New York 2 - New York 0
BOTTOM OF THE 9TH
New York Yankees batting - Pitching for New York Mets : LHP Nick Coppa
Pitching: RHP Colton Parisi
Now at C: Earl Jones
Batting: LHB Brice Brooker 0-0: Ball
1-0: Ground out U3 (Groundball, 3S, EV 89.4 MPH)
Batting: RHB Elroy Cornett 0-0: Foul Ball, location: 2F
0-1: Foul Ball, location: 2F
0-2: Ball
1-2: Strikes out swinging
Batting: LHB Daryn Scott 0-0: Swinging Strike
0-1: Ground out 4-3 (Groundball, 4, EV 91.3 MPH)
Bottom of the 9th over - 0 runs, 0 hits, 0 errors, 0 left on base; New York 2 - New York 0
Saturday, April 13th , 2024 - OOTP Baseball 24.11 Build 85